 Dungeon Crawl Stone Soup version 0.22-a0-617-g6d95e9e (webtiles) character file.

10535 Supahsalami the Cleaver (level 11, -3/101 HPs)
             Began as a Minotaur Berserker on July 12, 2018.
             Was a High Priest of Trog.
             Shot with a bolt by an orc warrior (17 damage)
             ... in a bailey.
             The game lasted 00:38:18 (13355 turns).

Supahsalami the Cleaver (Minotaur Berserker)       Turns: 13355, Time: 00:38:19

Health: -3/101     AC: 18    Str: 23    XL:     11   Next: 37%
Magic:  10/10      EV:  9    Int:  6    God:    Trog [*****.]
Gold:   381        SH:  4    Dex: 10    Spells: 10/10 levels left

rFire    . . .     SeeInvis .   a - +0 broad axe
rCold    + . .     Gourm    .   E - +0 buckler
rNeg     . . .     Faith    .   I - +0 plate armour
rPois    .         Spirit   .   (helmet restricted)
rElec    .         Reflect  .   K - +2 cloak
rCorr    .         Harm     .   (no gloves)
MR       .....                  (no boots)
Stlth    ..........             (no amulet)
HPRegen  0.26/turn              y - ring of protection from cold
MPRegen  0.12/turn              v - +4 ring of slaying

@: no status effects
A: retaliatory headbutt, horns 2
a: Berserk, Trog's Hand, Brothers in Arms, Renounce Religion


You were in a bailey.
You worshipped Trog.
Trog was extremely pleased with you.
You were hungry.

You visited 2 branches of the dungeon, and saw 12 of its levels.
You also visited: Bailey.

You collected 514 gold pieces.
You spent 133 gold pieces at shops.

Inventory:

Hand Weapons
 a - a +0 broad axe (weapon)
 p - a +1 mace of holy wrath
 u - a cursed +0 long sword
 J - a +0 glaive
 O - a +0 flail of protection
 P - a +6 double sword
Missiles
 Q - 5 javelins (quivered)
Armour
 i - a +0 ring mail
 E - a +0 buckler (worn)
 I - a +0 plate armour (worn)
 K - a +2 cloak (worn)
 M - the +11 chain mail "Fuorph" {rF+ MR+, unknown}
   (You found it on level 10 of the Dungeon)

   It protects you from fire.
   It affects your resistance to hostile enchantments.
 R - a +0 chain mail of poison resistance
Jewellery
 s - the ring of Fun {rF+ Dex+7, unknown}
   (You found it on level 8 of the Dungeon)

   [ring of protection from fire]

   It affects your dexterity (+7).
   It protects you from fire.
 v - a +4 ring of slaying (right hand)
 w - an uncursed ring of positive energy
 y - a ring of protection from cold (left hand)
 D - the ring "Jisy" {*Tele *Contam rF++ rN+}
   (You found it on level 6 of the Dungeon)

   [ring of teleportation]

   It may teleport you next to monsters.
   It greatly protects you from fire.
   It protects you from negative energy.
   It causes magical contamination when unequipped.
 F - an uncursed ring of positive energy
Wands
 A - a wand of random effects (17)
 H - a wand of flame (30)
Scrolls
 d - 4 scrolls of remove curse {unknown}
 f - 5 scrolls of amnesia {unknown}
 g - 4 scrolls of fear {unknown}
 h - 13 scrolls of teleportation
 j - 5 scrolls of enchant armour {unknown}
 k - 2 scrolls of blinking {unknown}
 m - 3 scrolls of enchant weapon {unknown}
 n - 2 scrolls of fog {unknown}
 z - 3 scrolls of immolation {unknown}
 L - a scroll of random uselessness {unknown}
 S - a scroll of summoning
Potions
 b - 5 potions of cancellation
 e - 4 potions of curing
 l - a potion of heal wounds
 o - 2 potions of berserk rage
 q - 2 potions of agility
 r - 4 potions of flight
 t - 3 potions of brilliance
 x - a potion of haste
 C - a potion of mutation
 G - a potion of lignification
Comestibles
 c - 24 rations
 N - 11 chunks of flesh


   Skills:
 + Level 10.4 Fighting
 * Level 13.8 Axes
 * Level 11.5 Armour
 - Level 5.2 Dodging
 - Level 4.0 Shields


You had 10 spell levels left.
You didn't know any spells.
Your spell library was empty.

Dungeon Overview and Level Annotations

Branches:
Dungeon (11/15)            Temple (1/1) D:7            Lair (0/6) D:10
    Orc: D:9-12

Altars:
Ashenzari
Cheibriados
Dithmenos
Elyvilon
Fedhas
Gozag
Hepliaklqana
Kikubaaqudgha
Makhleb
Nemelex Xobeh
Okawaru
Qazlal
Ru
Sif Muna
Trog
Uskayaw
Vehumet
Wu Jian
Xom
Yredelemnul
Zin
The Shining One

Shops:
D:7 %   D:11 *

Annotations:
D:5 exclusion: downstairs
D:10 1 runed door, exclusion: door, EnegeticOcto's ghost, journeyman DDFi


Innate Abilities, Weirdness & Mutations

You reflexively headbutt those who attack you in melee.
You have a pair of horns on your head.


Message History

The puff of flame misses the orc warrior.
The orc warrior shoots a bolt.
You block the bolt.
You feel better.
Evoke which item? (* to show all) (? for menu, Esc to quit)
Aiming: Throw Flame
Press: ? - help, Shift-Dir - straight line, f/p - orc warrior
Aim: an orc warrior, wielding an arbalest and wearing a chain mail (lightly wounded)
The puff of flame hits the orc warrior.
The orc warrior is lightly wounded.
The orc warrior shoots a bolt.
The bolt hits you!
* * * LOW HITPOINT WARNING * * *
Your troll goes berserk!
You feel quite a bit more hungry.
The orc warrior shoots a bolt.
The bolt hits you!
* * * LOW HITPOINT WARNING * * *
The orc warrior shoots a bolt.
The bolt hits you but does no damage.
Your troll rages.
You see here 2 bolts.
The orc warrior shoots a bolt.
The bolt hits you!
You die...

### ##∩## #.(@#
#.((#
≈o≈≈..)....≈≈o≈≈
.oo≈.......≈oo.≈
≈o≈≈.....To≈≈o≈≈
≈≈≈..#...#..≈≈≈.
....##...##.(...
#### ##∩## #####
###


You could see an orc knight, an orc warrior, 2 orcs and a friendly troll
(berserk).

Vanquished Creatures
  A two-headed ogre (D:10)
  Urug (D:10)
  An unseen horror (D:10)
  Maurice (D:8)
  2 trolls
  Sigmund (D:6)
  A spriggan (D:7)
  16 yaks
  A steam dragon (D:5)
  2 wargs (D:10)
  2 water moccasins
  4 sky beasts
  An eye of draining (D:11)
  5 orc warriors
  2 phantoms
  4 ogres
  5 necrophages
  10 centaurs
  Blork the orc (D:6)
  4 bullfrogs
  A big kobold (D:11)
  A scorpion (D:9)
  3 killer bees (D:7)
  2 crimson imps (D:7)
  2 centaur zombies
  A quasit (D:10)
  2 bullfrog skeletons
  Crazy Yiuf (D:6)
  7 orc priests
  3 hounds
  A jelly (D:7)
  12 orc wizards
  Jessica (D:10)
  2 iguanas
  11 worker ants
  2 hound zombies
  4 gnolls
  2 worker ant zombies
  20 adders
  3 shadow imps
  An adder zombie (D:7)
  2 adder skeletons
  2 worms
  A dart slug (D:2)
  7 leopard geckos
  38 orcs
  A ball python (D:2)
  10 bats
  8 giant cockroaches
  12 goblins
  8 hobgoblins
  11 jackals
  4 quokkas
  8 frilled lizards
  13 kobolds
  A leopard gecko skeleton (D:4)
  A leopard gecko zombie (D:7)
  A quokka zombie (D:7)
  7 rats
  4 bushes
  4 plants (D:7)
290 creatures vanquished.

Notes
Turn   | Place    | Note
-------+----------+-------------------------------------------
     0 | D:1      | Supahsalami the Minotaur Berserker began the quest for the Orb.
     0 | D:1      | Reached XP level 1. HP: 19/19 MP: 0/0
   106 | D:1      | Reached skill level 4 in Axes
   111 | D:1      | Reached XP level 2. HP: 22/27 MP: 1/1
   632 | D:2      | Reached XP level 3. HP: 33/33 MP: 2/2
   638 | D:2      | Reached ** piety under Trog
   948 | D:2      | Reached XP level 4. HP: 31/41 MP: 3/3
  1028 | D:2      | Reached skill level 5 in Axes
  1323 | D:2      | Found a sparkling altar of Nemelex Xobeh.
  1385 | D:2      | Found a faded altar of an unknown god.
  1723 | D:3      | Reached *** piety under Trog
  1797 | D:3      | Reached XP level 5. HP: 47/47 MP: 4/4
  1985 | D:3      | Found a shadowy altar of Dithmenos.
  1987 | D:3      | Found an ornate altar of the Wu Jian Council.
  1990 | D:3      | Found a stormy altar of Qazlal.
  2052 | D:3      | Found an opulent altar of Gozag.
  2131 | D:3      | Found an opulent altar of Gozag.
  2878 | D:4      | Reached skill level 6 in Axes
  3119 | D:4      | Noticed a phantom
  3164 | D:4      | Killed a phantom
  3164 | D:4      | Reached skill level 5 in Fighting
  3164 | D:4      | Reached XP level 6. HP: 46/56 MP: 5/5
  3448 | D:4      | Found a burning altar of Makhleb.
  3563 | D:4      | Reached skill level 7 in Axes
  3957 | D:4      | Found a sacrificial altar of Ru.
  4318 | D:5      | Entered Level 5 of the Dungeon
  4343 | D:5      | Reached skill level 5 in Armour
  4343 | D:5      | Reached XP level 7. HP: 58/62 MP: 6/6
  4486 | D:5      | Found a white marble altar of Elyvilon.
  4679 | D:5      | Reached skill level 8 in Axes
  4682 | D:5      | Found a hazy altar of Hepliaklqana.
  5928 | D:6      | Noticed a steam dragon
  6027 | D:6      | Noticed Sigmund
  6156 | D:5      | Killed a steam dragon
  6156 | D:5      | Reached skill level 9 in Axes
  6156 | D:5      | Reached XP level 8. HP: 41/71 MP: 7/7
  6707 | D:6      | Killed Sigmund
  7094 | D:6      | Noticed Blork the orc
  7100 | D:6      | Killed Blork the orc
  7297 | D:6      | Got a flickering iron ring
  7304 | D:6      | Found a bloodstained altar of Trog.
  7833 | D:6      | Found a runed door.
  7838 | D:6      | Identified the ring "Jisy" {*Tele *Contam rF++ rN+} (You found it on level 6 of the Dungeon)
  7839 | D:6      | Noticed Crazy Yiuf
  7846 | D:6      | Killed Crazy Yiuf
  7926 | D:7      | Reached skill level 10 in Axes
  8013 | D:6      | Reached **** piety under Trog
  8289 | D:7      | Reached skill level 1 in Shields
  8289 | D:7      | Reached XP level 9. HP: 65/79 MP: 8/8
  9153 | D:7      | Found Zoinu's Food Emporium.
  9174 | D:7      | Found an iron altar of Okawaru.
  9174 | D:7      | Found a snail-covered altar of Cheibriados.
  9251 | D:7      | Found a blossoming altar of Fedhas.
  9300 | D:7      | Reached skill level 11 in Axes
  9558 | D:7      | Found a staircase to the Ecumenical Temple.
  9570 | Temple   | Entered the Ecumenical Temple
 10098 | D:8      | Noticed Maurice
 10126 | D:8      | HP: 4/123 [something/wand of flame (33) (6)]
 10128 | D:8      | HP: 1/123 [something (4)]
 10129 | D:8      | Killed Maurice
 10129 | D:8      | Reached skill level 5 in Dodging
 10564 | D:8      | Found a blossoming altar of Fedhas.
 10647 | D:8      | Got a scintillating platinum ring
 10796 | D:8      | Noticed a troll
 10810 | D:8      | Killed a troll
 10810 | D:8      | Reached XP level 10. HP: 90/90 MP: 9/9
 11427 | D:9      | Found a glowing silver altar of Zin.
 11849 | D:9      | Reached skill level 12 in Axes
 12003 | D:10     | Entered Level 10 of the Dungeon
 12063 | D:10     | Got a distressingly furry chain mail
 12112 | D:10     | Found a runed door.
 12112 | D:10     | Found a shimmering altar of Xom.
 12112 | D:10     | Noticed EnegeticOcto's ghost (journeyman DDFi)
 12112 | D:10     | Noticed a trident of chaos
 12291 | D:10     | Found a staircase to the Lair.
 12294 | D:10     | Noticed Urug
 12319 | D:10     | Killed Urug
 12319 | D:10     | Reached skill level 10 in Armour
 12423 | D:10     | Killed an unseen horror
 12423 | D:10     | Reached skill level 13 in Axes
 12519 | D:10     | Noticed a two-headed ogre
 12524 | D:10     | Killed a two-headed ogre
 12609 | D:10     | Reached XP level 11. HP: 99/99 MP: 10/10
 12777 | D:10     | Reached ***** piety under Trog
 12777 | D:10     | Reached skill level 10 in Fighting
 12831 | D:10     | Noticed Jessica
 12838 | D:10     | Killed Jessica
 12858 | D:10     | Found a deep blue altar of Sif Muna.
 13147 | D:11     | Found Akoc's General Store.
 13195 | D:11     | Bought a scroll of summoning for 133 gold pieces
 13323 | D:11     | Found a flagged portal.
 13337 | Bailey   | Entered a bailey
 13337 | Bailey   | Noticed an orc knight
 13355 | Bailey   | Shot with a bolt by an orc warrior

Vault maps used:
D:1:      dpeg_arrival_court
D:2:      wad_river_or_something, nemelex_xobeh_ov_fountains_minmay,
          first_ration, chequers_ecumenical_altar_simple
D:3:      minitemple, old_standard_altar, grunt_gozag_breadcrumbs
D:4:      nicolae_ru_path_of_blood, lemuel_doored_altar
D:5:      kennysheep_mini, elyvilon_altar_1
D:6:      basic_altar, uniq_sigmund, uniq_crazy_yiuf_cottage, uniq_blork_the_orc
D:7:      gammafunk_temple_overflow_wave, fedhas_altar_decomposition,
          minmay_temple_entry_fiery, serial_curves, eino_curves_04,
          eino_curves_02, serial_shops, shop, the_bakery
D:8:      basic_altar, uniq_maurice
D:9:      kennysheep_little_box, minmay_misc_feat_plants,
          minmay_misc_feat_cross, nicolae_sextant
D:10:     erik_lair_orcish_takeover, ebering_ghost_xom, tgw_sif, uniq_urug
D:11:     serial_shops, shop_statue, enter_bailey_3, grunt_decor_one_mirror,
          minmay_guarded_unrand_finisher
Temple:   jpeg_temple_island
Bailey:   bailey_polearm_4, bailey

Skill      XL: |  1  2  3  4  5  6  7  8  9 10 11 |
---------------+----------------------------------+-----
Axes           | 4 5 6 7 9 10 11 13 | 13.8
Fighting       | 4 5 6 7 8 9 10 | 10.4
Armour         | 3 4 5 6 7 8 10 11 | 11.5
Dodging        | 3 5 |  5.2
Shields        | 1 4 |  4.0

Action                   |  1- 3 |  4- 6 |  7- 9 | 10-12 || total
-------------------------+-------+-------+-------+-------++-------
Melee: Hand axe          |    83 |   160 |   177 |   136 ||   556
       Headbutt          |    12 |    27 |    95 |    46 ||   180
       Mace              |       |       |   154 |       ||   154
       Broad axe         |       |       |       |    65 ||    65
Throw: Tomahawk          |       |       |    14 |     9 ||    23
       Javelin           |       |       |       |     2 ||     2
Invok: Berserk           |       |     2 |     8 |     6 ||    16
       Trog's Hand       |       |     2 |     5 |     2 ||     9
       Brothers in Arms  |       |       |     1 |     1 ||     2
Evoke: Wand              |       |       |       |     2 ||     2
  Use: Scroll            |       |       |    11 |     1 ||    12
       Potion            |       |       |     1 |     1 ||     2
  Eat: Chunk             |       |    10 |    21 |    10 ||    41
       Ration            |       |     1 |     3 |     1 ||     5
Armor: Animal skin       |     6 |       |       |       ||     6
       Ring mail         |    20 |    52 |    53 |       ||   125
       Plate armour      |       |       |     4 |    93 ||    97
Dodge: Dodged            |    56 |   104 |   122 |    81 ||   363
Block: Buckler           |       |       |    14 |    44 ||    58

Table legend:
 A = Spawn XP
 B = Non-spawn XP
 C = Spawn XP percentage of total XP
 D = Spawn monster count
 E = Non-spawn monster count
 F = Spawn count percentage of total count
 G = Total turns spent on level
                    A         B        C        D         E        F      G
               +---------+---------+-------+---------+---------+-------+---------
         Total |       0 |   15051 |   0.0 |       0 |     282 |   0.0 | 13355
               +---------+---------+-------+---------+---------+-------+---------
           D:1 |       0 |      38 |   0.0 |       0 |      23 |   0.0 |   620
           D:2 |       0 |     132 |   0.0 |       0 |      41 |   0.0 |  1001
           D:3 |       0 |      95 |   0.0 |       0 |      17 |   0.0 |  1214
           D:4 |       0 |     438 |   0.0 |       0 |      20 |   0.0 |  1483
           D:5 |       0 |     939 |   0.0 |       0 |      26 |   0.0 |  2136
           D:6 |       0 |     925 |   0.0 |       0 |      18 |   0.0 |  2015
           D:7 |       0 |    1922 |   0.0 |       0 |      35 |   0.0 |  1235
           D:8 |       0 |    1072 |   0.0 |       0 |       8 |   0.0 |  1354
           D:9 |       0 |    1700 |   0.0 |       0 |      15 |   0.0 |   748
          D:10 |       0 |    4519 |   0.0 |       0 |      43 |   0.0 |  1067
          D:11 |       0 |    3134 |   0.0 |       0 |      35 |   0.0 |   227
        Bailey |       0 |     137 |   0.0 |       0 |       1 |   0.0 |    18
               +---------+---------+-------+---------+---------+-------+---------
